[Event "Bhopal GM Open 2019"]
[Site "Bhopal"]
[Date "2019.12.21"]
[Round "1.10"]
[White "Nirnay Garg"]
[Black "Nguyen, Van Huy"]
[Result "0-1"]
[ECO "A45"]
[WhiteElo "1569"]
[BlackElo "2457"]
[Annotator "RC"]
[PlyCount "64"]
[EventDate "2019.12.21"]
[EventType "swiss"]
[EventCountry "IND"]
[SourceTitle "playchess.com"]
[Source "ChessBase"]
[SourceQuality "1"]
[TimeControl "5400+30"]

1. d4 Nf6 2. Bf4 d5 3. e3 c5 4. c3 Nc6 5. Nd2 cxd4 6. exd4 Bg4 7. Qb3 Qc8 8. Ngf3 e6 9. Bb5 Nd7 10. O-O Be7 11. Rfe1 O-O 12. Bd3 Bh5 13. h3 Bg6 14. Bxg6 hxg6 15. Rac1 Nb6 16. Ne5 Nxe5 17. Bxe5 Bg5 18. Rc2 Bxd2 19. Rxd2 Qc4 20. Bd6 Rfc8 21. Bc5 Qxb3 22. axb3 Nd7 23. Be7 a5 24. Ra1 f6 25. Re1 Kf7 26. Ba3 Ra6 27. Ra1 Rb6 28. b4 a4 29. Rb1 Ra6 30. b3 Rxc3 31. Rdb2 axb3 32. Rxb3 Rxa3 0-1

[Event "Bhopal GM Open 2019"]
[Site "Bhopal"]
[Date "2019.12.22"]
[Round "2.19"]
[White "Sapaev, Maksad"]
[Black "Aashman Gupta"]
[Result "1-0"]
[ECO "C12"]
[WhiteElo "2250"]
[BlackElo "1700"]
[Annotator "ChessBase"]
[PlyCount "193"]
[EventDate "2019.12.21"]
[EventType "swiss"]
[EventCountry "IND"]
[SourceTitle "playchess.com"]
[Source "ChessBase"]
[SourceQuality "1"]
[TimeControl "5400+30"]

1. e4 e6 2. d4 d5 3. Nc3 Nf6 4. Bg5 Bb4 5. e5 h6 6. Bd2 Bxc3 7. bxc3 Ne4 8. Qg4 Kf8 9. h4 c5 10. Bd3 Nxd2 11. Kxd2 c4 12. Be2 b5 13. Nh3 Nc6 14. a3 a5 15. Nf4 Bd7 16. Rh3 Ne7 17. Nh5 Rg8 18. Qf4 Ng6 19. Qg4 Ne7 20. Rf3 Nf5 21. Nf4 Ke8 22. Nh5 Kf8 23. Rf4 Nxh4 24. Qxh4 g5 25. Qh2 gxf4 26. Nf6 Rg6 27. Qxf4 Kg7 28. Rh1 Qe7 29. Rh3 Rh8 30. Bh5 Rg5 31. Rf3 Bc6 32. Qh4 Rf8 33. Rg3 Rxg3 34. Qxg3+ Kh8 35. Bf3 Rb8 36. Qf4 Kg7 37. Ke2 Rh8 38. Bh5 Kf8 39. g4 Be8 40. Qf3 Qxa3 41. Nxe8 Kxe8 42. Qxf7+ Kd8 43. Qf6+ Kc7 44. Qxh8 Qxc3 45. Qg7+ Kb6 46. Qg6 a4 47. Qxe6+ Ka5 48. Qxd5 Qxc2+ 49. Kf3 a3 50. e6 a2 51. Qa8+ Kb4 52. e7 Qd1+ 53. Kg2 a1=Q 54. Qxa1 Qxa1 55. e8=Q Qxd4 56. Qf8+ Kb3 57. Qxh6 c3 58. Bf7+ Kb2 59. Qe6 Qa4 60. Bg6 b4 61. Qe2+ c2 62. Qxc2+ Qxc2 63. Bxc2 Kxc2 64. g5 b3 65. g6 b2 66. g7 b1=Q 67. g8=Q Qb7+ 68. Kg3 Kd3 69. Qg6+ Kd4 70. Qd6+ Kc4 71. Qf4+ Kc5 72. Qe5+ Kc4 73. f4 Qh1 74. Kg4 Qd1+ 75. Kg5 Qd8+ 76. Qf6 Qg8+ 77. Qg6 Qd8+ 78. Kh5 Qd1+ 79. Qg4 Qh1+ 80. Kg5 Kd5 81. Qh5 Qg1+ 82. Kf6+ Kd6 83. Qe5+ Kd7 84. f5 Qh1 85. Qe6+ Kd8 86. Qd6+ Kc8 87. Kg7 Qg1+ 88. Kf7 Qh1 89. Kg7 Qg1+ 90. Qg6 Qa7+ 91. Kg8 Kd8 92. Qd6+ Kc8 93. Qf8+ Kb7 94. Qf7+ Kb8 95. Qxa7+ Kxa7 96. f6 Kb7 97. f7 1-0

[Event "Bhopal GM Open 2019"]
[Site "Bhopal"]
[Date "2019.12.22"]
[Round "3.1"]
[White "Yakubboev, Nodirbek"]
[Black "Rathneesh R"]
[Result "1-0"]
[ECO "E32"]
[WhiteElo "2592"]
[BlackElo "2006"]
[Annotator "ChessBase"]
[PlyCount "49"]
[EventDate "2019.12.21"]
[EventType "swiss"]
[EventCountry "IND"]
[SourceTitle "playchess.com"]
[Source "ChessBase"]
[SourceQuality "1"]
[TimeControl "5400+30"]

1. c4 Nf6 2. Nc3 e6 3. d4 Bb4 4. Qc2 O-O 5. Bg5 c5 6. dxc5 h6 7. Bh4 Na6 8. e3 Nxc5 9. Nge2 g5 10. Bg3 Nfe4 11. f3 Nxg3 12. hxg3 Qf6 13. O-O-O b6 14. a3 Bxc3 15. Qxc3 e5 16. b4 Ne6 17. g4 Ng7 18. Ng3 Bb7 19. Rxd7 Bxf3 20. gxf3 Qxf3 21. Rxh6 Qxg3 22. Qd3 Qe1+ 23. Kc2 Qf2+ 24. Kb3 e4 25. Qxe4 1-0

[Event "Bhopal GM Open 2019"]
[Site "Bhopal"]
[Date "2019.12.22"]
[Round "3.2"]
[White "Mahajan Ayush"]
[Black "Bogdanovich, Stanislav"]
[Result "0-1"]
[ECO "C45"]
[WhiteElo "1959"]
[BlackElo "2562"]
[Annotator "ChessBase"]
[PlyCount "80"]
[EventDate "2019.12.21"]
[EventType "swiss"]
[EventCountry "IND"]
[SourceTitle "playchess.com"]
[Source "ChessBase"]
[SourceQuality "1"]
[TimeControl "5400+30"]

1. e4 e5 2. Nf3 Nc6 3. d4 exd4 4. Nxd4 Bc5 5. Nb3 Bb6 6. Qe2 a5 7. a4 Nge7 8. Nc3 Nb4 9. g3 d5 10. Bg2 d4 11. Nd5 Nexd5 12. exd5+ Qe7 13. Qxe7+ Kxe7 14. c4 Nc2+ 15. Kd1 Nxa1 16. Re1+ Kf6 17. Nxa1 Bg4+ 18. f3 Bd7 19. b3 Rae8 20. Nc2 Bf5 21. Rxe8 Rxe8 22. Bf1 Bc5 23. g4 Bxc2+ 24. Kxc2 Re1 25. Bd3 Rh1 26. Be4 Rxh2+ 27. Kd3 g5 28. Bd2 b6 29. Be1 Rb2 30. Bg3 Bd6 31. Bxd6 Rxb3+ 32. Kxd4 cxd6 33. Bd3 Ra3 34. Bxh7 Rxf3 35. c5 Rf4+ 36. Kc3 bxc5 37. Bf5 Rxf5 38. gxf5 g4 39. Kc4 Ke5 40. Kb5 Kxd5 0-1

[Event "Bhopal GM Open 2019"]
[Site "Bhopal"]
[Date "2019.12.22"]
[Round "3.3"]
[White "Tukhaev, Adam"]
[Black "Trivedi Karan R"]
[Result "1-0"]
[ECO "B92"]
[WhiteElo "2552"]
[BlackElo "1949"]
[Annotator "ChessBase"]
[PlyCount "77"]
[EventDate "2019.12.21"]
[EventType "swiss"]
[EventCountry "IND"]
[SourceTitle "playchess.com"]
[Source "ChessBase"]
[SourceQuality "1"]
[TimeControl "5400+30"]

1. e4 c5 2. Nf3 d6 3. d4 cxd4 4. Nxd4 Nf6 5. Nc3 a6 6. Be2 e5 7. Nb3 Be7 8. O-O O-O 9. Kh1 Nc6 10. f3 Be6 11. Nd5 Bxd5 12. exd5 Nb8 13. c4 Nbd7 14. Be3 b6 15. f4 Ne4 16. Bd3 f5 17. Qc2 Bf6 18. Bxe4 fxe4 19. f5 Bg5 20. Qxe4 Bxe3 21. Qxe3 Qh4 22. Nd2 Rf6 23. Rf3 Raf8 24. Raf1 Qh5 25. Ne4 Rh6 26. h3 Nc5 27. Ng5 a5 28. Ne6 Rf7 29. Kg1 Qh4 30. b3 Rhf6 31. g4 g6 32. fxg6 hxg6 33. Rxf6 Rxf6 34. Rxf6 Qxf6 35. Qg5 Qxg5 36. Nxg5 Kf8 37. h4 a4 38. bxa4 Nxa4 39. Ne4 1-0

[Event "Bhopal GM Open 2019"]
[Site "Bhopal"]
[Date "2019.12.22"]
[Round "3.5"]
[White "Venkatesh, M.R."]
[Black "Harsh Suresh"]
[Result "1-0"]
[ECO "B23"]
[WhiteElo "2491"]
[BlackElo "1843"]
[Annotator "ChessBase"]
[PlyCount "45"]
[EventDate "2019.12.21"]
[EventType "swiss"]
[EventCountry "IND"]
[SourceTitle "playchess.com"]
[Source "ChessBase"]
[SourceQuality "1"]
[TimeControl "5400+30"]

1. e4 c5 2. Nc3 a6 3. g3 b5 4. Bg2 Bb7 5. Nge2 e6 6. O-O Nf6 7. d3 b4 8. Na4 d5 9. e5 Nfd7 10. f4 Be7 11. c4 bxc3 12. bxc3 Qc7 13. d4 g6 14. g4 h5 15. f5 hxg4 16. fxe6 fxe6 17. Nf4 Nf8 18. Qxg4 Rh4 19. Nxe6 Qd7 20. Rxf8+ Bxf8 21. Qxg6+ Qf7 22. Nc7+ Ke7 23. Qd6# 1-0

[Event "Bhopal GM Open 2019"]
[Site "Bhopal"]
[Date "2019.12.22"]
[Round "3.7"]
[White "Taher, Yoseph Theolifus"]
[Black "Pawar, Harshit"]
[Result "1-0"]
[ECO "C15"]
[WhiteElo "2469"]
[BlackElo "1823"]
[Annotator "ChessBase"]
[PlyCount "106"]
[EventDate "2019.12.21"]
[EventType "swiss"]
[EventCountry "IND"]
[SourceTitle "playchess.com"]
[Source "ChessBase"]
[SourceQuality "1"]
[TimeControl "5400+30"]

1. e4 e6 2. d4 d5 3. Nc3 Bb4 4. Nge2 Ne7 5. a3 Bxc3+ 6. Nxc3 O-O 7. Bg5 f6 8. Be3 f5 9. f3 Bd7 10. Qd2 c6 11. Bd3 Be8 12. O-O-O b5 13. exd5 Nxd5 14. Nxd5 cxd5 15. g4 Nc6 16. gxf5 exf5 17. Bxb5 Rb8 18. Bxc6 Bxc6 19. Bf4 Rb7 20. Rde1 Re8 21. Qc3 Bb5 22. b3 Rbe7 23. Kb2 Rxe1 24. Rxe1 Rxe1 25. Qxe1 Kf7 26. Be5 h6 27. a4 Bc6 28. Qb4 Qd7 29. Qa5 Qb7 30. Qd8 Qd7 31. Qh8 Kg6 32. Qf8 Qb7 33. Kc3 Qd7 34. Qg8 Qe7 35. Qc8 Bb7 36. Qb8 Bc6 37. Qd6+ Qxd6 38. Bxd6 Kf7 39. Bb8 a5 40. Bc7 g5 41. Bxa5 g4 42. fxg4 fxg4 43. Bd8 Ke8 44. Bh4 Kd7 45. Kb4 Kc7 46. c4 dxc4 47. bxc4 Bf3 48. d5 h5 49. a5 Bg2 50. Kc3 Bf3 51. Kd4 Bd1 52. c5 Ba4 53. c6 Kc8 1-0

[Event "Bhopal GM Open 2019"]
[Site "Bhopal"]
[Date "2019.12.22"]
[Round "3.9"]
[White "Mirzoev, Azer"]
[Black "Darsh Kansal"]
[Result "1-0"]
[ECO "A48"]
[WhiteElo "2457"]
[BlackElo "1793"]
[Annotator "ChessBase"]
[PlyCount "67"]
[EventDate "2019.12.21"]
[EventType "swiss"]
[EventCountry "IND"]
[SourceTitle "playchess.com"]
[Source "ChessBase"]
[SourceQuality "1"]
[TimeControl "5400+30"]

1. d4 Nf6 2. Nf3 g6 3. Nbd2 Bg7 4. e4 d6 5. c3 O-O 6. Bd3 Nbd7 7. O-O e5 8. Re1 Re8 9. h3 Nh5 10. Bf1 Nf8 11. dxe5 dxe5 12. Nc4 Qe7 13. Bg5 f6 14. Be3 Ne6 15. Qb3 Kh8 16. Rad1 b6 17. Qb4 Qxb4 18. cxb4 Bb7 19. Ncd2 f5 20. Nc4 Bxe4 21. Ncxe5 Bxf3 22. Nxf3 Bxb2 23. Bc4 Nhg7 24. Bh6 Bf6 25. Rd7 Rad8 26. Bxe6 Nxe6 27. Rxd8 Bxd8 28. Nd4 c5 29. Rxe6 Rxe6 30. Nxe6 Be7 31. bxc5 bxc5 32. Be3 c4 33. Bxa7 c3 34. Bd4+ 1-0

[Event "Bhopal GM Open 2019"]
[Site "Bhopal"]
[Date "2019.12.22"]
[Round "3.10"]
[White "Kaushik G Iyer"]
[Black "Nguyen, Van Huy"]
[Result "0-1"]
[ECO "E10"]
[WhiteElo "1824"]
[BlackElo "2457"]
[Annotator "ChessBase"]
[PlyCount "142"]
[EventDate "2019.12.21"]
[EventType "swiss"]
[EventCountry "IND"]
[SourceTitle "playchess.com"]
[Source "ChessBase"]
[SourceQuality "1"]
[TimeControl "5400+30"]

1. d4 Nf6 2. c4 e6 3. Nf3 d5 4. g3 Bb4+ 5. Bd2 Be7 6. Bg2 O-O 7. O-O c6 8. Qc2 b6 9. b3 Ba6 10. Bf4 Nbd7 11. Rd1 Rc8 12. Nc3 dxc4 13. bxc4 Bxc4 14. Nd2 b5 15. Nxc4 bxc4 16. e4 Qa5 17. Na4 Nb6 18. Nc5 Bxc5 19. dxc5 Na4 20. Rd4 Nxc5 21. Rxc4 Ncd7 22. Bd6 Rfd8 23. Rxc6 Rxc6 24. Qxc6 Nb6 25. e5 Nfd5 26. Bxd5 Nxd5 27. Rd1 Qxa2 28. Rc1 h5 29. Qb7 a5 30. Rc5 Qe2 31. Qa7 Qe1+ 32. Kg2 Qe4+ 33. Kg1 a4 34. Qa5 Re8 35. Qa6 h4 36. Rc4 Qe1+ 37. Kg2 h3+ 38. Kxh3 Qf1+ 39. Kh4 Qxf2 40. Qxa4 Qxh2+ 41. Kg4 Rd8 42. Qa5 Qe2+ 43. Kh3 Qf1+ 44. Kh2 Qxc4 45. Qxd8+ Kh7 46. Qg5 Qe2+ 47. Kh3 Qf1+ 48. Kh2 Qf2+ 49. Kh3 Ne3 50. Qh4+ Kg6 51. Qe4+ Qf5+ 52. Qxf5+ Kxf5 53. Bf8 g6 54. Bd6 Ng4 55. Ba3 Nxe5 56. Bb2 g5 57. Bc3 g4+ 58. Kg2 Ke4 59. Kf2 f5 60. Ke2 Nf3 61. Kf2 Kd3 62. Bb2 e5 63. Bc1 Nd2 64. Bb2 e4 65. Ba3 e3+ 66. Kg2 Nf3 67. Bb4 e2 68. Kh1 Nd2 69. Kg2 e1=Q 70. Kh2 Nf3+ 71. Kg2 Qg1# 0-1

[Event "Bhopal GM Open 2019"]
[Site "Bhopal"]
[Date "2019.12.22"]
[Round "3.11"]
[White "Arnav Kushwaha"]
[Black "Abdisalimov, Abdimalik"]
[Result "0-1"]
[ECO "B22"]
[WhiteElo "1820"]
[BlackElo "2394"]
[Annotator "NA"]
[PlyCount "84"]
[EventDate "2019.12.21"]
[EventType "swiss"]
[EventCountry "IND"]
[SourceTitle "playchess.com"]
[Source "ChessBase"]
[SourceQuality "1"]
[TimeControl "5400+30"]

1. e4 c5 2. c3 Nf6 3. e5 Nd5 4. Nf3 Nc6 5. d4 cxd4 6. cxd4 d6 7. Bc4 Nb6 8. Bb5 d5 9. Nc3 Bf5 10. Bg5 Rc8 11. a3 a6 12. Bd3 Bg4 13. Be2 Qd7 14. Rc1 e6 15. O-O h6 16. Be3 Be7 17. Re1 O-O 18. h3 Bh5 19. Nh2 Bg6 20. Bd3 Nc4 21. Bxg6 fxg6 22. Qe2 g5 23. Nf1 Qe8 24. Ng3 Qg6 25. Qc2 Kh7 26. Qxg6+ Kxg6 27. Rc2 b5 28. Na2 a5 29. Rec1 a4 30. Ne2 Ra8 31. Bd2 b4 32. Bxb4 Bxb4 33. Nxb4 Nxb4 34. axb4 Rfb8 35. Nc3 Rxb4 36. Nd1 Na5 37. Rc7 Nb3 38. R1c6 Nxd4 39. Rd6 Kf5 40. Rxg7 Kxe5 41. Rdd7 a3 42. bxa3 Rb1 0-1

[Event "Bhopal GM Open 2019"]
[Site "Bhopal"]
[Date "2019.12.22"]
[Round "3.12"]
[White "Bajaj Prakhar"]
[Black "Manik, Mikulas"]
[Result "1/2-1/2"]
[ECO "B94"]
[WhiteElo "1779"]
[BlackElo "2379"]
[Annotator "NA"]
[PlyCount "87"]
[EventDate "2019.12.21"]
[EventType "swiss"]
[EventCountry "IND"]
[SourceTitle "playchess.com"]
[Source "ChessBase"]
[SourceQuality "1"]
[TimeControl "5400+30"]

1. e4 c5 2. Nf3 d6 3. d4 cxd4 4. Nxd4 Nf6 5. Nc3 a6 6. Bg5 Nbd7 7. f4 Qc7 8. Qf3 h6 9. Bh4 g5 10. fxg5 hxg5 11. Bxg5 Qc5 12. Nf5 e6 13. Bxf6 Nxf6 14. Ng3 Nd7 15. O-O-O Ne5 16. Qf6 Qe3+ 17. Rd2 Rh6 18. Qf2 Qxf2 19. Rxf2 Ng4 20. Rd2 Rxh2 21. Be2 Rxh1+ 22. Nxh1 Ne5 23. Rd1 b5 24. Nf2 Bh6+ 25. Kb1 Ke7 26. Ng4 Nxg4 27. Bxg4 Bg7 28. Bf3 Bb7 29. Ne2 Rh8 30. Ng3 Be5 31. Rh1 Rxh1+ 32. Nxh1 Kf6 33. c3 Kg5 34. Kc2 Kf4 35. Kd3 a5 36. a3 d5 37. Nf2 Kg3 38. Nh1+ Kf4 39. Nf2 Kg3 40. Nh1+ Kh2 41. Nf2 Kg1 42. Nh3+ Kf1 43. Ng5 dxe4+ 44. Bxe4 1/2-1/2

[Event "Bhopal GM Open 2019"]
[Site "Bhopal"]
[Date "2019.12.22"]
[Round "3.13"]
[White "Sahoo, Utkal Ranjan"]
[Black "Nehete Arnav"]
[Result "1-0"]
[ECO "E53"]
[WhiteElo "2329"]
[BlackElo "1778"]
[Annotator "NA"]
[PlyCount "47"]
[EventDate "2019.12.21"]
[EventType "swiss"]
[EventCountry "IND"]
[SourceTitle "playchess.com"]
[Source "ChessBase"]
[SourceQuality "1"]
[TimeControl "5400+30"]

1. d4 Nf6 2. c4 e6 3. Nc3 Bb4 4. e3 O-O 5. Bd3 d5 6. Nf3 c5 7. a3 Bxc3+ 8. bxc3 dxc4 9. Bxc4 Qc7 10. Ba2 Nbd7 11. O-O b6 12. Qe2 Bb7 13. Bb2 e5 14. Rfd1 exd4 15. cxd4 cxd4 16. Rac1 Qb8 17. Nxd4 Nc5 18. Nf5 Ba6 19. Qf3 Nce4 20. Nxg7 Kxg7 21. Qxe4 Bc8 22. Qe7 Kg6 23. Qxf6+ Kh5 24. Rd5+ 1-0

[Event "Bhopal GM Open 2019"]
[Site "Bhopal"]
[Date "2019.12.22"]
[Round "3.14"]
[White "Phatak Aanjaneya"]
[Black "Pranav Vijay"]
[Result "1-0"]
[ECO "B33"]
[WhiteElo "1776"]
[BlackElo "2265"]
[Annotator "NA"]
[PlyCount "245"]
[EventDate "2019.12.21"]
[EventType "swiss"]
[EventCountry "IND"]
[SourceTitle "playchess.com"]
[Source "ChessBase"]
[SourceQuality "1"]
[TimeControl "5400+30"]

1. e4 c5 2. Nf3 Nc6 3. d4 cxd4 4. Nxd4 Nf6 5. Nc3 e5 6. Ndb5 d6 7. Bg5 a6 8. Na3 b5 9. Bxf6 gxf6 10. Nd5 f5 11. Bd3 Be6 12. c3 Bxd5 13. exd5 Ne7 14. Nxb5 Bg7 15. Na3 O-O 16. O-O e4 17. Bc2 Ng6 18. Qh5 Qf6 19. f4 Rab8 20. Nc4 Rfc8 21. Bb3 Rxc4 22. Bxc4 Rxb2 23. Rac1 Qd8 24. Qd1 Rb8 25. Qe2 a5 26. a4 Qc8 27. Kh1 h5 28. Ba6 Qc5 29. Qc4 Qb6 30. Qc6 Qb2 31. Qxd6 Bf8 32. Qc7 Bh6 33. g3 Rf8 34. d6 Bg7 35. d7 Bf6 36. Qd6 Be7 37. Qd5 Qb6 38. Bb5 Qf6 39. Qd4 Qe6 40. c4 Bd8 41. c5 Bc7 42. c6 Qe7 43. Rb1 h4 44. Bc4 e3 45. Rbe1 Qb4 46. Rxe3 Bb6 47. Qc3 Qd6 48. Ref3 Kh7 49. Bb5 hxg3 50. hxg3 Rg8 51. Qd3 Qf6 52. R3f2 Kg7 53. Rh2 Ne7 54. Rc1 Bc7 55. Qc3 Nd5 56. Qxf6+ Nxf6 57. Rb1 Kf8 58. Rd2 Ke7 59. Re1+ Kd8 60. Bd3 Rxg3 61. Bxf5 Rg8 62. Rb1 Nh5 63. Rdb2 Ke7 64. Re2+ Kd8 65. Re8+ Rxe8 66. dxe8=Q+ Kxe8 67. Bd7+ Ke7 68. f5 Nf6 69. Kg2 Nd5 70. Kf3 Nc3 71. Ra1 Nd5 72. Ke4 Nb6 73. Kd4 Kd6 74. Be8 Bd8 75. Ra2 Bf6+ 76. Ke4 Ke7 77. Bd7 Bc3 78. Kf4 Bf6 79. Re2+ Kd6 80. Be8 Nxa4 81. Bxf7 Nc5 82. Be8 a4 83. Ra2 Kc7 84. Kg4 Be5 85. Kg5 Bd6 86. Kg6 Be7 87. f6 Bd6 88. Kg7 Ne6+ 89. Kg8 a3 90. f7 Nf8 91. Bd7 Kd8 92. Bf5 Kc7 93. Be4 Bc5 94. Re2 Ne6 95. Bb1 Nf8 96. Rc2 Bd6 97. Ba2 Bb4 98. Bd5 Bd6 99. Re2 Ng6 100. Kg7 Nf4 101. Rd2 Nh5+ 102. Kg6 Nf4+ 103. Kf5 Nh5 104. Kg6 Nf4+ 105. Kf5 Nh5 106. Bf3 Ng7+ 107. Kf6 Bf8 108. Ra2 Kb6 109. Rxa3 Nh5+ 110. Bxh5 Bxa3 111. Bf3 Bf8 112. Kg6 Kc7 113. Kh7 Kd6 114. Kg8 Ke7 115. c7 Kd7 116. Kxf8 Kxc7 117. Ke8 Kb8 118. f8=Q Ka7 119. Qb4 Ka6 120. Be2+ Ka7 121. Kd7 Ka8 122. Kc7 Ka7 123. Qa5# 1-0

[Event "Bhopal GM Open 2019"]
[Site "Bhopal"]
[Date "2019.12.22"]
[Round "3.15"]
[White "Tiwari Shivansh"]
[Black "Sapaev, Maksad"]
[Result "1-0"]
[ECO "A45"]
[WhiteElo "1770"]
[BlackElo "2250"]
[Annotator "NA"]
[PlyCount "91"]
[EventDate "2019.12.21"]
[EventType "swiss"]
[EventCountry "IND"]
[SourceTitle "playchess.com"]
[Source "ChessBase"]
[SourceQuality "1"]
[TimeControl "5400+30"]

1. d4 Nf6 2. Bf4 c5 3. e3 d5 4. c3 Nc6 5. Nd2 e6 6. Ngf3 Bd6 7. Bg3 O-O 8. Bd3 Qe7 9. Ne5 Nd7 10. Nxd7 Bxd7 11. Bxd6 Qxd6 12. dxc5 Qxc5 13. Bxh7+ Kxh7 14. Qh5+ Kg8 15. Ne4 Qc4 16. Ng5 Qd3 17. e4 Qxe4+ 18. Nxe4 dxe4 19. O-O-O Rfd8 20. Rhe1 f5 21. Re3 Be8 22. Rxd8 Rxd8 23. Qh4 Rd7 24. Rh3 Bg6 25. Qh8+ Kf7 26. Qc8 Ne5 27. Rh8 Kf6 28. Rd8 Re7 29. Kd2 f4 30. b4 Ng4 31. Rf8+ Bf7 32. Ke2 e3 33. fxe3 Nxe3 34. Qb8 e5 35. g3 g5 36. Qxa7 Kg7 37. Rd8 g4 38. Qc5 Nf5 39. Kf2 f3 40. h3 b6 41. Qxb6 e4 42. hxg4 Nh6 43. Qd4+ Kh7 44. Rh8+ Kg6 45. Rxh6+ Kxh6 46. Qf6+ 1-0

[Event "Bhopal GM Open 2019"]
[Site "Bhopal"]
[Date "2019.12.22"]
[Round "3.16"]
[White "Varun, Vij"]
[Black "Abdullaev, Rasulbek"]
[Result "1-0"]
[ECO "A45"]
[WhiteElo "1964"]
[BlackElo "1770"]
[Annotator "NA"]
[PlyCount "91"]
[EventDate "2019.12.21"]
[EventType "swiss"]
[EventCountry "IND"]
[SourceTitle "playchess.com"]
[Source "ChessBase"]
[SourceQuality "1"]
[TimeControl "5400+30"]

1. d4 Nf6 2. Bf4 d5 3. e3 c5 4. dxc5 Nc6 5. Bb5 Qa5+ 6. Nc3 a6 7. Bxc6+ bxc6 8. Nf3 Qxc5 9. Ne5 e6 10. O-O Be7 11. Na4 Qa5 12. c4 Bb7 13. b4 Qd8 14. Qd4 O-O 15. Nb6 Bxb4 16. c5 Ba5 17. Nxa8 Qxa8 18. Qa4 Bc3 19. Rab1 Ne4 20. Nd7 Re8 21. Qb3 Bc8 22. Nb6 Qa7 23. f3 Nd2 24. Qxc3 Nxf1 25. Rxf1 f6 26. Bd6 Qf7 27. Nxc8 Rxc8 28. Qa5 h5 29. Qxa6 Qe8 30. Rb1 Kh7 31. Qd3+ Kh6 32. Rb7 e5 33. Re7 Qd8 34. Qd2 Rb8 35. e4+ g5 36. h4 Rb1+ 37. Kh2 Qg8 38. exd5 cxd5 39. Qc2 Rb4 40. Rh7+ Qxh7 41. Bf8+ Qg7 42. hxg5+ fxg5 43. Bxg7+ Kxg7 44. c6 Rh4+ 45. Kg1 Rc4 46. Qxc4 1-0

[Event "Bhopal GM Open 2019"]
[Site "Bhopal"]
[Date "2019.12.22"]
[Round "3.17"]
[White "Mohanty Soyamsree"]
[Black "Ziatdinov, Raset"]
[Result "0-1"]
[ECO "A46"]
[WhiteElo "1639"]
[BlackElo "2204"]
[Annotator "NA"]
[PlyCount "66"]
[EventDate "2019.12.21"]
[EventType "swiss"]
[EventCountry "IND"]
[SourceTitle "playchess.com"]
[Source "ChessBase"]
[SourceQuality "1"]
[TimeControl "5400+30"]

1. d4 Nf6 2. Nf3 e6 3. g3 c5 4. c3 Nc6 5. Bg2 d5 6. O-O Be7 7. a4 O-O 8. Na3 cxd4 9. cxd4 a6 10. Nc2 Bd7 11. Bg5 Rc8 12. Ne3 Ne4 13. Bxe7 Qxe7 14. Qb3 Rc7 15. Rfc1 Rfc8 16. Qb6 Be8 17. Ne1 Nf6 18. Rd1 Nb4 19. Nd3 Nxd3 20. exd3 Rc6 21. Qa5 Qd6 22. Qd2 Rb6 23. g4 Qf4 24. g5 Nh5 25. Rac1 Rbc6 26. Rxc6 Bxc6 27. Qe2 Qxg5 28. b3 Nf4 29. Qg4 Qxg4 30. Nxg4 Ne2+ 31. Kf1 Nxd4 32. Rb1 Be8 33. Ne5 Rc3 0-1

[Event "Bhopal GM Open 2019"]
[Site "Bhopal"]
[Date "2019.12.22"]
[Round "3.18"]
[White "Deshmukh, Anup"]
[Black "Shriya R Revankar"]
[Result "1-0"]
[ECO "A30"]
[WhiteElo "2168"]
[BlackElo "1736"]
[Annotator "NA"]
[PlyCount "51"]
[EventDate "2019.12.21"]
[EventType "swiss"]
[EventCountry "IND"]
[SourceTitle "playchess.com"]
[Source "ChessBase"]
[SourceQuality "1"]
[TimeControl "5400+30"]

1. c4 c5 2. Nf3 Nc6 3. b3 Nf6 4. Bb2 e6 5. g3 b6 6. Bg2 Bb7 7. O-O Be7 8. d4 d5 9. cxd5 exd5 10. dxc5 bxc5 11. Nc3 O-O 12. Rc1 Rc8 13. Bh3 Rc7 14. Na4 Nb8 15. Bc3 Nc6 16. Bxf6 Bxf6 17. Nxc5 Bc8 18. Bg2 Bf5 19. Qd2 Qc8 20. b4 Nxb4 21. Qxb4 Be7 22. Nd4 Bxc5 23. Rxc5 Rxc5 24. Nxf5 Qc7 25. Bxd5 Rb8 26. Qd4 1-0

[Event "Bhopal GM Open 2019"]
[Site "Bhopal"]
[Date "2019.12.22"]
[Round "3.19"]
[White "Madjidov, Jasur"]
[Black "Lund Rachit"]
[Result "1/2-1/2"]
[ECO "D55"]
[WhiteElo "2136"]
[BlackElo "1625"]
[Annotator "NA"]
[PlyCount "62"]
[EventDate "2019.12.21"]
[EventType "swiss"]
[EventCountry "IND"]
[SourceTitle "playchess.com"]
[Source "ChessBase"]
[SourceQuality "1"]
[TimeControl "5400+30"]

1. d4 Nf6 2. c4 e6 3. Nc3 d5 4. Bg5 Be7 5. e3 O-O 6. Nf3 Ne4 7. Bxe7 Qxe7 8. Qc2 Nxc3 9. bxc3 dxc4 10. Bxc4 Nd7 11. Bd3 h6 12. O-O c5 13. e4 e5 14. Nxe5 Nxe5 15. dxe5 Qxe5 16. f4 Qc7 17. Qe2 Bd7 18. e5 c4 19. Bxc4 Rac8 20. Bb3 Qc5+ 21. Qf2 Qxf2+ 22. Rxf2 Rxc3 23. f5 Re3 24. Rd1 Bc8 25. e6 fxe6 26. fxe6 Bxe6 27. Rxf8+ Kxf8 28. Rd8+ Ke7 29. Rb8 Bxb3 30. Rxb7+ Kf6 31. axb3 Ke5 1/2-1/2

[Event "Bhopal GM Open 2019"]
[Site "Bhopal"]
[Date "2019.12.23"]
[Round "4.17"]
[White "Mithil Anande P"]
[Black "Jay Kundaliya"]
[Result "0-1"]
[ECO "D12"]
[WhiteElo "1632"]
[BlackElo "2088"]
[Annotator "NA RC"]
[PlyCount "148"]
[EventDate "2019.12.21"]
[EventType "swiss"]
[EventCountry "IND"]
[SourceTitle "playchess.com"]
[Source "ChessBase"]
[SourceQuality "1"]
[TimeControl "5400+30"]

1. Nf3 Nf6 2. d4 d5 3. e3 c6 4. c4 Bf5 5. Nc3 e6 6. Qb3 Qc7 7. Nh4 {[%emt 0:04:42] D12: Slav Defence: 3 Nf3 Nf6 4 e3 Bf5} Bg6 8. Nxg6 hxg6 9. g3 (9. Bd2 Nbd7 10. Rc1 Nb6 11. cxd5 exd5 12. h3 Qd7 13. Bd3 Bd6 14. a4 O-O {0-1 (38) Beliavsky,A (2526)-Mamedov,R (2701) Skopje 2019}) 9... Nbd7 10. Bg2 Bd6 11. Bd2 O-O 12. O-O Rad8 $146 ({Predecessor:} 12... a5 13. Rac1 Bb4 14. Rfd1 Nb6 15. c5 Nc4 {½-½ (35) De Souza,S (2593)-Almiron,L (2574) ICCF email 2008}) 13. e4 (13. Rfc1 $14) 13... dxc4 14. Qxc4 e5 15. d5 Nb6 16. Qb3 Bc5 17. Rac1 Ng4 18. Bg5 f6 19. dxc6+ (19. Bh3 $18 Kh8 20. Bxg4 fxg5 21. Ne2) 19... Kh7 20. Nd5 Qxc6 21. Be3 Nxe3 22. Nxe3 Qd6 23. Rfd1 Bd4 24. Qb5 Rc8 25. Nd5 Nxd5 26. exd5 Bb6 27. a4 a5 28. Rc4 Rxc4 29. Qxc4 f5 30. Rd3 e4 31. Rb3 Rf6 32. Qb5 Qe5 33. Qd7 e3 34. fxe3 Bxe3+ 35. Kh1 Bc5 36. Qb5 $2 {[%emt 0:00:35] [#]} (36. Rf3) 36... b6 $2 (36... Rb6 $1 $19 {[%mdl 512] and Black stays clearly on top.} 37. Qxc5 Rxb3) 37. Qf1 Qd4 38. Rc3 Qxa4 39. Rf3 Qd4 40. b3 Qe5 41. Rd3 g5 42. Rd1 f4 43. Re1 Qd4 44. Be4+ g6 45. Qh3+ Kg7 46. Qd7+ Rf7 47. Qe6 Qf6 48. Qxf6+ Rxf6 49. gxf4 gxf4 50. Kg2 Rd6 51. Kf3 Kf6 52. Kxf4 Rd8 53. Re2 Rh8 54. Bd3 g5+ 55. Kf3 Rh3+ 56. Ke4 Bd6 57. Kd4 Rh4+ 58. Re4 $15 Bxh2 59. Rxh4 gxh4 60. Ke4 Ke7 61. Bf1 Kd6 62. Kd4 Bg1+ 63. Kc4 Bc5 64. Bg2 Ke5 65. Kb5 Kd4 66. d6 Bxd6 67. Kxb6 Bb4 68. Kb5 Ke3 69. Kc4 Kf2 70. Bh1 Kg1 71. Be4 h3 72. Kd3 h2 73. Kc2 h1=Q 74. Bxh1 Kxh1 0-1